 Dungeon Crawl Stone Soup version 0.15.2 (webtiles) character file.

1016 magipi the Cutter (level 8, -1/52 HPs)
             Began as a Merfolk Ice Elementalist on Aug 30, 2016.
             Slain by an orc
             ... wielding a +0 falchion
              (5 damage)
             ... on Level 7 of the Dungeon.
             The game lasted 00:27:38 (6708 turns).

magipi the Cutter (Merfolk Ice Elementalist)        Turns: 6708, Time: 00:27:38

HP  -1/52        AC  6     Str  8      XL: 8   Next: 21%
MP  16/16        EV 12     Int 15      God:
Gold 290         SH  0     Dex 22      Spells:  3 memorised,  5 levels left

rFire  . . .     SeeInvis .     a - +3 dagger (distort)
rCold  . . .     Clarity  .     u - +0 leather armour {rN+}
rNeg   + . .     rCorr    .     (no shield)
rPois  .         rRot     .     (no helmet)
rElec  .         Spirit   .     h - +0 cloak
SustAb .         Warding  .     (no gloves)
rMut   +         Stasis   .     B - +1 pair of boots
Gourm  .                        y - amulet of resist mutation
MR     +....                    x - ring of protection from magic
                                m - +6 ring of dexterity

@: somewhat resistant to hostile enchantments, unstealthy
A: change form in water, swift swim
a: no special abilities


You were on level 7 of the Dungeon.
You were not hungry.

You visited 2 branches of the dungeon, and saw 8 of its levels.

You collected 290 gold pieces.

Inventory:

Hand weapons
 a - a +3 dagger of distortion (weapon)
 b - a +0 blowgun
Missiles
 s - 41 poisoned needles
 w - 2 needles of confusion
Armour
 h - a +0 cloak (worn)
 u - a +0 leather armour of positive energy (worn)
 B - a +1 pair of boots (worn)
Comestibles
 e - 5 bread rations
 j - 4 beef jerkies
 n - 3 meat rations
 A - a chunk of hobgoblin flesh
Scrolls
 p - 2 scrolls of amnesia
 q - a scroll of torment {unknown}
 r - 2 scrolls of remove curse
 t - a scroll of fear
Jewellery
 m - a +6 ring of dexterity (left hand)
 x - a ring of protection from magic (right hand)
 y - an amulet of resist mutation (around neck)
Potions
 d - 2 potions of cancellation
 f - a potion of brilliance {unknown}
 g - 2 potions of confusion {unknown}
 i - a potion of restore abilities {unknown}
 k - 4 potions of agility {unknown}
 l - a potion of mutation {unknown}
 o - 2 potions of magic
 v - 2 potions of curing
 z - 2 potions of might {unknown}
 C - a potion of heal wounds {unknown}
Books
 c - a book of Frost

   Spells                             Type                      Level
   *Freeze                            Ice                          1
   Throw Frost                        Conjuration/Ice              2
   *Ozocubu's Armour                  Charms/Ice                   3
   Throw Icicle                       Conjuration/Ice              4
   *Summon Ice Beast                  Ice/Summoning                4
   Condensation Shield                Ice                          4


   Skills:
 + Level 5.5 Short Blades
 - Level 2.6 Dodging
 - Level 2.1 Stealth
 - Level 3.0 Spellcasting
   Level 0.7 Conjurations
 - Level 4.8 Charms
 + Level 4.5 Summonings
 - Level 5.0 Ice Magic


You had 5 spell levels left.
You knew the following spells:

 Your Spells              Type           Power        Failure   Level  Hunger
a - Freeze                Ice            ###.         2%          1    #......
b - Summon Ice Beast      Ice/Summ       ###.....     28%         4    #####..
o - Ozocubu's Armour      Chrm/Ice       ###.....     10%         3    ###....


Dungeon Overview and Level Annotations

Branches:
Dungeon (7/15)             Temple (1/1) D:5

Altars:
Ashenzari
Cheibriados
Dithmenos
Elyvilon
Kikubaaqudgha
Makhleb
Nemelex Xobeh
Okawaru
Qazlal
Sif Muna
Trog
Vehumet
Xom
Yredelemnul
Zin
The Shining One

Vault maps used:
D:1:      lightli_arrival_flooded_house
D:4:      first_bread
D:5:      minmay_temple_entry_steel_oval, minivault_4
D:6:      minmay_large_rounded_square
Temple:   nicolae_temple_x_marks_the_god_16


Message History

The hound bites you.
You hit the hound.
The hound looks slightly unstable.
The hound is lightly wounded.
The hound barely misses you. The hound bites you but does no damage.
You hit the hound.
Space bends around the hound.
The hound is heavily wounded.
The hound disappears!
j - 4 beef jerkies (gained 1)
A hobgoblin comes into view.
The hobgoblin shouts!
Found 17 bolts.
Found a large golden amulet.
Found an escape hatch in the floor.
A bat zombie comes into view.
The bat zombie moves out of view.
You barely miss the hobgoblin. The hobgoblin barely misses you.
You hit the hobgoblin.
Space warps horribly around the hobgoblin!
You kill the hobgoblin!
You see here a hobgoblin corpse.
You start butchering the hobgoblin corpse.
You continue butchering the corpse. x3
You finish butchering the hobgoblin corpse.
A - 2 chunks of hobgoblin flesh You see here a hobgoblin skeleton.
Eat one of 2 chunks of hobgoblin flesh? (ye/n/q/i?) This raw flesh tastes terrible.
You continue eating. x2
y - a large golden amulet Put on which piece of jewellery? (? for menu, Esc to quit)
y - an amulet of resist mutation (around neck) Unknown command.
You now have 284 gold pieces (gained 8).
Found a stone staircase leading up.
Unknown command.
There is a stone staircase leading up here.
You climb upwards.
There is a stone staircase leading down here.
You climb downwards.
There is a stone staircase leading up here.
You climb upwards.
There is a stone staircase leading down here.
You climb downwards.
There is a stone staircase leading up here.
A goblin comes into view.
Found a stone staircase leading down.
The helpless goblin fails to defend itself.
You slice the goblin!!
You kill the goblin!
Found a ring mail.
Unknown command.
You now have 290 gold pieces (gained 6).
You open the door.
An orc comes into view.
It is wielding a falchion. 2 orcs and an orc priest come into view.
The orc shouts! x3
The orc barely misses you. The orc hits you with a mace.
The orc priest misses you.
There is an open door here.
You completely miss the orc. The orc closely misses you.
The orc barely misses you.
The orc priest hits you from afar with a trident.
Unknown command.
The orc hits you with a mace! The orc priest misses you.
You hit the orc.
Space bends around the orc.
The orc is almost dead.
The orc priest closely misses you. The orc hits you with a mace.
You hit the orc.
You kill the orc!
The orc priest hits you with a trident.
Things that are here:
a mace; a leather armour; an orc corpse You completely miss the orc priest.
The orc priest calls down the wrath of Beogh upon you.
Something smites you!
* * * LOW HITPOINT WARNING * * *
You hit the orc priest.
The orc priest is moderately wounded.
The orc priest blinks!
The orc priest hits you with a trident!
* * * LOW HITPOINT WARNING * * *
You barely miss the orc priest.
The orc priest is moderately wounded.
Unknown command.
You hit the orc priest.
The orc priest is heavily wounded.
The orc priest blinks!
Unknown command.
The orc barely misses you. The orc priest barely misses you.
Unknown command.
You closely miss the orc priest.
The orc priest is heavily wounded.
The orc misses you. The orc priest closely misses you.
Unknown command.
You closely miss the orc priest.
The orc priest is heavily wounded.
The orc hits you but does no damage.
Unknown command.
You hit the orc priest.
Space bends around the orc priest.
You kill the orc priest!
The orc completely misses you. The orc hits you with a falchion.
You die...

..#.....###.#
........# ..#.##..#
....# ..# .#.###..#
#.####### ....##..#
#...oo..#
.#......#########'##
.#..##.#........oo.#
.....#+#........@..#
................)..#
.#.................#
.#.#.............[.#
.#<....#...........#
#..#..#...........#
.#..#..#.###########
.#..#..#.#
.#..#..#.#


You could see 2 orcs.

Table legend:
 A = Kills in this place as a percentage of kills in entire the game.
 B = Kills by you in this place as a percentage of kills by you in the entire game.
 C = Kills by friends in this place as a percentage of kills by friends in the entire game.
 D = Other kills in this place as a percentage of other kills in the entire game.
 E = Experience gained in this place as a percentage of experience gained in the entire game.
 F = Experience gained in this place divided by the number of levels of this place that you have seen.
                   A       B       C       D       E      F
               +-------+-------+-------+-------+-------+----------------------
         Total | 100.0 | 100.0 |  -nan | 100.0 | 100.0 | 181.5
       Dungeon | 100.0 | 100.0 |  -nan | 100.0 | 100.0 | 207.4
               +-------+-------+-------+-------+-------+----------------------

Vanquished Creatures
  A water moccasin (D:6)
  An ice beast (D:7)
  2 giant frogs (D:6)
  A crimson imp (D:5)
  A hound (D:6)
  An iguana (D:5)
  3 orc priests
  5 orc wizards
  A worker ant (D:5)
  7 adders
  A giant mite (D:5)
  2 shadow imps (D:5)
  3 worms
  3 giant geckos
  An ooze (D:5)
  14 orcs
  9 bats
  A bat zombie (D:5)
  9 giant cockroaches
  17 goblins
  8 hobgoblins
  4 jackals
  13 kobolds
  3 ball pythons
  4 giant newts
  4 quokkas
  A quokka zombie (D:5)
  12 rats
132 creatures vanquished.

Vanquished Creatures (others)
  An ice beast (D:6)
  2 hounds (D:4)
  An adder zombie (D:3)
  A ball python (D:3)
  A kobold (D:3)
6 creatures vanquished.

Grand Total: 138 creatures vanquished

Notes
Turn   | Place    | Note
--------------------------------------------------------------
     0 | D:1      | magipi, the Merfolk Ice Elementalist, began the quest for the Orb.
     0 | D:1      | Reached XP level 1. HP: 13/13 MP: 3/3
   288 | D:1      | Reached XP level 2. HP: 16/19 MP: 3/5
   828 | D:1      | Reached skill level 4 in Ice Magic
   888 | D:1      | Reached XP level 3. HP: 24/24 MP: 3/6
  1434 | D:2      | Reached XP level 4. HP: 22/30 MP: 2/8
  1591 | D:2      | Learned a level 3 spell: Ozocubu's Armour
  2298 | D:3      | Reached skill level 1 in Charms
  2298 | D:3      | Reached skill level 5 in Ice Magic
  2329 | D:3      | Learned a level 4 spell: Summon Ice Beast
  2461 | D:3      | Reached XP level 5. HP: 33/35 MP: 11/11
  2960 | D:4      | Reached skill level 1 in Short Blades
  2960 | D:4      | Reached skill level 1 in Summonings
  3209 | D:4      | Reached XP level 6. HP: 41/41 MP: 12/12
  3427 | D:5      | Entered Level 5 of the Dungeon
  3874 | D:5      | Found a staircase to the Ecumenical Temple.
  3879 | Temple   | Entered the Ecumenical Temple
  4797 | D:6      | Reached XP level 7. HP: 37/46 MP: 9/14
  5277 | D:6      | Noticed a water moccasin
  5316 | D:6      | Killed a water moccasin
  6113 | D:6      | Reached XP level 8. HP: 33/52 MP: 16/16
  6276 | D:6      | Reached skill level 5 in Short Blades
  6708 | D:7      | Slain by an orc

Action                   |  1- 3 |  4- 6 |  7- 9 || total
-------------------------+-------+-------+-------++-------
Melee: Unarmed           |     3 |       |       ||     3
       Dagger            |    44 |   126 |   101 ||   271
 Cast: Freeze            |    43 |    40 |    17 ||   100
  Use: Scroll            |       |    11 |     2 ||    13
 Stab: Sleeping          |     3 |     7 |     1 ||    11
  Eat: Chunk             |     2 |     7 |     7 ||    16
       Pizza             |       |     1 |       ||     1
       Beef jerky        |       |     1 |       ||     1

Action                   |  1- 3 |  4- 6 |  7- 9 || total
-------------------------+-------+-------+-------++-------
Melee: Unarmed           |     3 |       |       ||     3
       Dagger            |    44 |   126 |   101 ||   271
 Cast: Freeze            |    43 |    40 |    17 ||   100
  Use: Scroll            |       |    11 |     2 ||    13
 Stab: Sleeping          |     3 |     7 |     1 ||    11
  Eat: Chunk             |     2 |     7 |     7 ||    16
       Pizza             |       |     1 |       ||     1
       Beef jerky        |       |     1 |       ||     1
